 Dungeon Crawl Stone Soup version 0.22-a0-433-gd2a9cce (webtiles) character file.

275 Mgcat the Cleaver (level 6, -2/51 HPs)
             Began as a Minotaur Berserker on May 27, 2018.
             Was a Believer of Trog.
             Slain by an ogre
             ... wielding a +0 giant spiked club
              (10 damage)
             ... on level 4 of the Dungeon.
             The game lasted 00:02:29 (685 turns).

Mgcat the Cleaver (Minotaur Berserker)               Turns: 685, Time: 00:02:30

Health: -2/51      AC:  2    Str: 23    XL:     6   Next: 3%
Magic:  5/5        EV: 12    Int:  4    God:    Trog [**....]
Gold:   76         SH:  0    Dex: 10    Spells: 5/5 levels left

rFire    . . .     SeeInvis .   l - -2 war axe (curse)
rCold    . . .     Gourm    .   (no shield)
rNeg     . . .     Faith    .   b - +0 animal skin
rPois    .         Spirit   .   (helmet restricted)
rElec    .         Reflect  .   (no cloak)
rCorr    .         Harm     .   (no gloves)
MR       .....                  (no boots)
Stlth    +.........             (no amulet)
HPRegen  0.17/turn              (no ring)
MPRegen  0.09/turn              (no ring)

@: lethally poisoned (-2 -> -2), berserk cooldown, slowed, very slow
A: retaliatory headbutt, horns 2
a: Berserk, Trog's Hand, Renounce Religion


You were on level 4 of the Dungeon.
You worshipped Trog.
Trog was pleased with you.
You were very hungry.

You visited 1 branch of the dungeon, and saw 4 of its levels.

You collected 76 gold pieces.

Inventory:

Hand Weapons
 a - a +1 hand axe
 l - a cursed -2 war axe (weapon)
   (You took it off a kobold on level 2 of the Dungeon)
Armour
 b - a +0 animal skin (worn)
Jewellery
 m - an uncursed ring of positive energy {unknown}
   (You found it on level 3 of the Dungeon)
Scrolls
 g - a scroll of enchant weapon
 h - a scroll of immolation {unknown}
 j - a scroll of amnesia
Potions
 d - 2 potions of curing
 e - a potion of haste {unknown}
 i - a potion of degeneration {unknown}
 k - a potion of invisibility {unknown}
Comestibles
 c - 3 rations
 f - 5 chunks of flesh {@w0}


   Skills:
 - Level 3.6 Fighting
 + Level 8.2 Axes
 - Level 2.4 Armour
 - Level 2.1 Dodging


You had 5 spell levels left.
You didn't know any spells.
Your spell library was empty.

Dungeon Overview and Level Annotations

Branches:
Dungeon (4/15)
 Temple: D:4-7

Altars:
Elyvilon

Shops:
D:4 [


Innate Abilities, Weirdness & Mutations

You reflexively headbutt those who attack you in melee.
You have a pair of horns on your head.


Message History

You butcher the frilled lizard corpse.
f - 4 chunks of flesh {@w0} (gained 1)
You see here a bat corpse.
You butcher the bat corpse.
f - 5 chunks of flesh {@w0} (gained 1)
You now have 76 gold pieces (gained 18).
A kobold comes into view.
The kobold wields a blowgun.
The kobold shoots a poisoned needle.
The poisoned needle barely misses you.
There is a stone staircase leading down here.
The kobold shoots a poisoned needle.
The poisoned needle hits you!
You are poisoned.
You see here a poisoned needle.
You feel sick.
The kobold unwields an uncursed blowgun.
The kobold barely misses you.
You barely miss the kobold.
You kill the kobold!
Trog accepts your kill.
You feel sick.
Things that are here:
an uncursed blowgun; a poisoned needle; a kobold corpse You feel sick.
You see here a poisoned needle.
You feel sick.
There is a stone staircase leading down here.
You climb downwards.
A giant cockroach comes into view.
There is a stone staircase leading up here.
An ogre comes into view. It is wielding a giant spiked club.
You feel sick.
The ogre shouts!
Found Opitenag's Armour Shoppe.
You slash the giant cockroach!
You kill the giant cockroach!
Trog accepts your kill.
You feel sick.
A howler monkey comes into view.
The howler monkey moves out of view.
A red film seems to cover your vision as you go berserk!
You feel yourself moving faster!
You feel mighty!
You are feeling very hungry.
You feel a strong urge to attack something.
Found a stone staircase leading down.
The ogre hits you with a giant spiked club!
You hear a howl!
Found a stone staircase leading down.
You slash the ogre!
The ogre is moderately wounded.
You hear a shout!
You barely miss the ogre.
The ogre is moderately wounded.
You feel sick.
The howler monkey hoots and howls with incredible vigour!
The ogre hits you with a giant spiked club!!
You hear a shout!
You hear a bark! x3
You hit the ogre. Your headbutt misses the ogre.
The ogre is moderately wounded.
You hit the ogre.
The ogre is heavily wounded.
You hit the howler monkey.
The ogre hits you with a giant spiked club.
* * * LOW HITPOINT WARNING * * *
The howler monkey hits you.
* * * LOW HITPOINT WARNING * * *
You barely miss the ogre.
The ogre is heavily wounded.
You closely miss the howler monkey. The howler monkey hits you.
* * * LOW HITPOINT WARNING * * *
An orc comes into view.
The ogre closely misses you.
You barely miss the ogre.
The ogre is heavily wounded.
You completely miss the howler monkey. The howler monkey barely misses you.
Unknown command.
Unknown command.
You barely miss the ogre.
The ogre is heavily wounded.
You slash the howler monkey!
You kill the howler monkey!
Trog accepts your kill.
Your Axes skill increases to level 8!
You have reached level 6!
Your experience leads to an increase in your attributes!
Your base attributes are Str 22, Int 4, Dex 10.
Increase (S)trength, (I)ntelligence, or (D)exterity?
You feel stronger.
You are no longer berserk.
You are exhausted.
You feel yourself slow down. The ogre barely misses you.
Unknown command.
Unknown command.
Unknown command.
You hit the ogre.
The ogre is severely wounded.
You hit the orc.
You feel sick. The orc hits you.
* * * LOW HITPOINT WARNING * * *
The orc barely misses you.
The ogre hits you with a giant spiked club!
You die...

.... .... .....
########.....
#.<..........
#..#..##.#...>
#...###.O.......
#.## #.@o......
# #.##...... #∩#
...... ... ...>.
##.. .... ..# ..
..# . ..


You could see an ogre and an orc.

Vanquished Creatures
  Grinder (D:3)
  A howler monkey (D:4)
  An adder (D:3)
  2 dart slugs
  A leopard gecko (D:1)
  6 bats
  A giant cockroach (D:4)
  4 goblins
  3 kobolds
  3 frilled lizards
  6 rats
29 creatures vanquished.

Notes
Turn   | Place    | Note
-------+----------+-------------------------------------------
     0 | D:1      | Mgcat the Minotaur Berserker began the quest for the Orb.
     0 | D:1      | Reached XP level 1. HP: 19/19 MP: 0/0
    73 | D:1      | Reached skill level 4 in Axes
   116 | D:1      | Reached XP level 2. HP: 23/26 MP: 1/1
   263 | D:2      | Found a white marble altar of Elyvilon.
   319 | D:3      | Noticed Grinder
   328 | D:3      | HP: 9/39 [Grinder (3)]
   330 | D:3      | HP: 1/39 [Grinder/nerve-wracking pain (4)]
   331 | D:3      | Killed Grinder
   331 | D:3      | Reached skill level 7 in Axes
   331 | D:3      | Reached XP level 3. HP: 1/31 MP: 2/2
   331 | D:3      | Reached XP level 4. HP: 2/39 MP: 3/3
   331 | D:3      | Reached XP level 5. HP: 2/45 MP: 4/4
   634 | D:3      | Reached ** piety under Trog
   671 | D:4      | Found Opitenag's Armour Shoppe.
   671 | D:4      | Noticed an ogre
   681 | D:4      | HP: 14/67 [howler monkey (5)]
   684 | D:4      | Reached skill level 8 in Axes
   684 | D:4      | Reached XP level 6. HP: 14/51 MP: 5/5
   685 | D:4      | Slain by an ogre

Vault maps used:
D:1:      dpeg_arrival_concentric_ovals, minmay_tromino_mix6
D:2:      elyvilon_altar_1, old_standard_altar, uniq_natasha
D:3:      first_ration, kennysheep_boxes, uniq_grinder
D:4:      serial_shops, shop, nicolae_shop_behind_doors, shop,
          nicolae_shop_behind_doors, shop_fountains, uniq_menkaure

Skill      XL: |  1  2  3  4  5 |
---------------+----------------+-----
Axes           | 4 7 8 |  8.2
Fighting       | |  3.6
Armour         | |  2.4
Dodging        | |  2.1

Action                   |  1- 3 |  4- 6 || total
-------------------------+-------+-------++-------
Melee: Hand axe          |    25 |     2 ||    27
       Headbutt          |     3 |     3 ||     6
       War axe           |       |    22 ||    22
Invok: Berserk           |     1 |     2 ||     3
  Use: Scroll            |       |     4 ||     4
  Eat: Chunk             |       |     1 ||     1
Armor: Animal skin       |     1 |     5 ||     6
Dodge: Dodged            |     9 |    18 ||    27

Table legend:
 A = Spawn XP
 B = Non-spawn XP
 C = Spawn XP percentage of total XP
 D = Spawn monster count
 E = Non-spawn monster count
 F = Spawn count percentage of total count
 G = Total turns spent on level
                    A         B        C        D         E        F      G
               +---------+---------+-------+---------+---------+-------+---------
         Total |       0 |     394 |   0.0 |       0 |      29 |   0.0 |   685
               +---------+---------+-------+---------+---------+-------+---------
           D:1 |       0 |      23 |   0.0 |       0 |      13 |   0.0 |   239
           D:2 |       0 |       8 |   0.0 |       0 |       3 |   0.0 |   298
           D:3 |       0 |     307 |   0.0 |       0 |      11 |   0.0 |   133
           D:4 |       0 |      56 |   0.0 |       0 |       2 |   0.0 |    15
               +---------+---------+-------+---------+---------+-------+---------

Vault maps used:
D:1:      dpeg_arrival_concentric_ovals, minmay_tromino_mix6
D:2:      elyvilon_altar_1, old_standard_altar, uniq_natasha
D:3:      first_ration, kennysheep_boxes, uniq_grinder
D:4:      serial_shops, shop, nicolae_shop_behind_doors, shop,
          nicolae_shop_behind_doors, shop_fountains, uniq_menkaure

Table legend:
 A = Turns spent in this place as a percentage of turns spent in the entire game.
 B = Non-inter-level travel turns spent in this place as a percentage of non-inter-level travel turns spent in the entire game.
 C = Inter-level travel turns spent in this place as a percentage of turns spent in this place.
 D = Turns resting spent in this place as a percentage of non-inter-level travel turns spent in this place.
 E = Turns spent auto-exploring this place as a percentage of non-inter-level travel turns spent in this place.
 F = Non-inter-level travel turns spent in this place divided by the number of levels of this place that you've seen.
                   A       B       C       D       E      F
               +-------+-------+-------+-------+-------+----------------------
         Total | 100.0 | 100.0 |   1.3 |   0.0 |  63.9 | 169.0
       Dungeon | 100.0 | 100.0 |   1.3 |   0.0 |  63.9 | 169.0
               +-------+-------+-------+-------+-------+----------------------

Table legend:
 A = Kills in this place as a percentage of kills in entire the game.
 B = Kills by you in this place as a percentage of kills by you in the entire game.
 C = Kills by friends in this place as a percentage of kills by friends in the entire game.
 D = Other kills in this place as a percentage of other kills in the entire game.
 E = Experience gained in this place as a percentage of experience gained in the entire game.
 F = Experience gained in this place divided by the number of levels of this place that you have seen.
                   A       B       C       D       E      F
               +-------+-------+-------+-------+-------+----------------------
         Total | 100.0 | 100.0 |   N/A |   N/A | 100.0 |  98.5
       Dungeon | 100.0 | 100.0 |   N/A |   N/A | 100.0 |  98.5
               +-------+-------+-------+-------+-------+----------------------
